 Dungeon Crawl Stone Soup version 0.29.1-13-g9f3cf754e1 (webtiles) character file.

Game seed: 13140781514660671126

80491 protoss039 the Fighter (level 15, -7/124 HPs)
             Began as a Demonspawn Earth Elementalist on Feb 11, 2023.
             Was a High Priest of Vehumet.
             Mangled by Saint Roka
             ... wielding a +3 great mace of holy wrath
              (43 damage)
             ... on level 2 of the Orcish Mines.
             The game lasted 01:21:35 (34323 turns).

protoss039 the Fighter (DsEE)                      Turns: 34323, Time: 01:21:36

Health: -7/124     AC: 12    Str:  9    XL:     15   Next: 24%
Magic:  25/31      EV: 15    Int: 30    God:    Vehumet [*****.]
Gold:   1776       SH:  5    Dex: 14    Spells: 17/38 levels left

rFire   + . .      SeeInvis .   H - +1 dagger (venom)
rCold   . . .      Faith    .   u - +0 buckler
rNeg    . . .      Spirit   .   i - +3 ring mail "Viotwits" {*Slow Int+5}
rPois   +          Reflect  .   (no helmet)
rElec   .          Harm     .   B - +2 cloak
rCorr   .          Rampage  .   (gloves unavailable)
Will    +....                   (no boots)
Stlth   ++........              (no amulet)
HPRegen 0.30/turn               L - ring of poison resistance
MPRegen 0.22/turn               V - ring of protection from fire

@: agile
A: claws 3, powered by death 1, powered by pain 2, big brain 1
a: Renounce Religion


You were on level 2 of the Orcish Mines.
You worshipped Vehumet.
Vehumet was extremely pleased with you.
You visited 4 branches of the dungeon, and saw 22 of its levels.
You also visited: Volcano.

You collected 2262 gold pieces.
You spent 486 gold pieces at shops.

Inventory:

Hand Weapons
 g - the +4 morningstar of Reapportionment {flame, rN++ Dex+7}
   (You bought it in a shop on level 2 of the Orcish Mines)

   It burns those it strikes, dealing additional fire damage.
   Dex:       It affects your dexterity (+7).
   rN:        It greatly protects you from negative energy.
 y - a +7 vampiric trident
 E - the +8 war axe of Vengeance {freeze, Dex+2}
   (You took it off a meliai on level 4 of the Lair of Beasts)

   It freezes those it strikes, dealing additional cold damage.
   It can also slow down cold-blooded creatures.
   Dex:       It affects your dexterity (+2).
 H - a +1 dagger of venom (weapon)
 S - the +9 short sword of Joyful Slaughter {pain, Dex+4}
   (You found it on level 12 of the Dungeon)

   In the hands of one skilled in necromantic magic, it inflicts extra damage on
   living creatures.
   Dex:       It affects your dexterity (+4).
Missiles
 x - a throwing net
Armour
 i - the +3 ring mail "Viotwits" (worn) {*Slow Int+5}
   (You found it on level 3 of the Dungeon)

   Int:       It affects your intelligence (+5).
   *Slow:     It may slow you when you take damage.
 u - a +0 buckler (worn)
 B - a +2 cloak (worn)
 P - a +1 leather armour of poison resistance
Magical Staves
 o - a staff of fire
Jewellery
 a - a ring of positive energy
 h - a ring of resist corrosion
 L - a ring of poison resistance (left claw)
 R - a +4 ring of protection
 V - a ring of protection from fire (right claw)
Wands
 l - a wand of light (11)
 A - a wand of flame (20)
 J - a wand of mindburst (7)
 O - a wand of paralysis (17)
Scrolls
 c - a scroll of identify
 e - 4 scrolls of fear
 j - 2 scrolls of magic mapping {unknown}
 k - 3 scrolls of poison {unknown}
 n - a scroll of blinking
 r - 3 scrolls of butterflies
 s - 2 scrolls of immolation {unknown}
 w - 3 scrolls of amnesia {unknown}
 z - 4 scrolls of enchant armour {unknown}
 G - a scroll of silence {unknown}
 M - a scroll of summoning {unknown}
 N - 6 scrolls of enchant weapon
 U - 4 scrolls of acquirement {unknown}
Potions
 d - 2 potions of mutation
 f - 7 potions of flight
 m - 8 potions of curing
 p - 3 potions of ambrosia
 q - 2 potions of resistance
 t - 2 potions of berserk rage
 v - 3 potions of cancellation
 C - 2 potions of heal wounds
 D - 4 potions of might
 F - 2 potions of degeneration {unknown}
 I - 3 potions of brilliance
 K - 2 potions of lignification
 Q - 3 potions of haste {unknown}
 T - 2 potions of invisibility {unknown}


   Skills:
 * Level 13.2 Fighting
 - Level 6.0 Armour
 - Level 3.0 Dodging
 - Level 3.0 Stealth
 - Level 6.0 Shields
 * Level 12.4 Spellcasting
 + Level 11.4 Conjurations
 - Level 3.0 Transmutations
 - Level 6.0 Air Magic
 + Level 11.1 Earth Magic
 - Level 3.0 Poison Magic


You had 17 spell levels left.
You knew the following spells:

 Your Spells              Type           Power      Damage    Failure   Level
a - Sandblast             Erth           100%       2d20      1%          1
b - Passwall              Tmut/Erth      47%        N/A       1%          2
c - Stone Arrow           Conj/Erth      100%       3d13      1%          3
d - Swiftness             Air            53%        N/A       2%          3
e - Irradiate             Conj/Tmut      29%        3d21      3%          5
f - Iskenderun's Mystic   Conj/Tloc      52%        2d11      2%          4
g - Mephitic Cloud        Conj/Pois/Air  56%        N/A       1%          3

Your spell library contained the following spells:

 Spells                   Type           Power      Damage    Failure   Level
 Iskenderun's Battlesphe  Conj           72%        2d12      1%          5
 Magic Dart               Conj           100%       1d8       1%          1
 Freeze                   Ice            72%        1d9       2%          1
 Hailstorm                Conj/Ice       52%        3d12      2%          4
 Petrify                  Tmut/Erth      57%        N/A       4%          4
 Frozen Ramparts          Ice            36%        1d6       7%          3
 Slow                     Hex            72%        N/A       9%          1
 Call Imp                 Summ           18%        N/A       13%         2
 Ensorcelled Hibernation  Hex/Ice        36%        N/A       13%         2
 Confusing Touch          Hex            18%        N/A       26%         3
 Vampiric Draining        Necr           18%        2d7       26%         3
 Yara's Violent Unravell  Hex/Tmut       13%        3d7       32%         5
 Ice Form                 Ice/Tmut       27%        N/A       43%         4
 Anguish                  Hex/Necr       9%         N/A       65%         4
 Cause Fear               Hex            9%         N/A       65%         4
 Summon Ice Beast         Ice/Summ       18%        N/A       65%         4
 Dragon Form              Tmut           18%        N/A       100%        7
 Enfeeble                 Hex            9%         N/A       100%        7
 Dragon's Call            Summ           9%         N/A       100%        9


Dungeon Overview and Level Annotations

Branches:
Dungeon (14/15) Zot: 26240  Temple (1/1) D:6 Zot: 5787    Lair (5/5) D:9 Zot: 17538
  Swamp (0/4) Lair:3        Snake (0/4) Lair:3        Slime (0/5) Lair:4
    Orc (2/2) D:12 Zot: 8524     Elf (0/3) Orc:2        Vaults (0/5) D:14
Volcano (visited)

Altars:
Ashenzari
Cheibriados
Dithmenos
Fedhas
Gozag
Hepliaklqana
Kikubaaqudgha
Makhleb
Nemelex Xobeh
Okawaru
Qazlal
Ru
Sif Muna
Trog
Uskayaw
Vehumet
Wu Jian
Xom
Yredelemnul
Jiyva

Shops:
D:7 (   D:9 *:**[   Orc:2 *[=(

Portals:
Hell: Lair:5

Annotations:
D:13 exclusion: 2 downstairs
D:14 Rupert, Urug
Lair:1 1 runed translucent door, Xixaub Eqygg's ghost, journeyman DrTm
Lair:4 2 transporters, Zaegoraum's ghost, journeyman DsAK
Orc:2 Saint Roka


Innate Abilities, Weirdness & Mutations

You have claws for hands.
You regenerate a little health from kills.
You sometimes gain power by taking damage.
You have an unusually large brain. (Int +2)


Message History

Saint Roka is engulfed in noxious fumes.
Unknown command.
Casting: Mephitic Cloud (safe; 1% risk of failure)
Confirm with . or Enter, or press ? or * to list all spells.
Aiming: Stone Arrow (safe; 1% risk of failure)
Press: ? - help, Shift-Dir - straight line, f - Saint Roka
Aim: Saint Roka, wielding a +3 great mace of holy wrath and wearing a +3 plate armour of positive energy (noxious fumes, heavily wounded, poisoned, 87% to hit)
The stone arrow hits Saint Roka!!
Saint Roka is heavily wounded.
Saint Roka looks more healthy.
Saint Roka is engulfed in noxious fumes.
Casting: Stone Arrow (safe; 1% risk of failure)
Confirm with . or Enter, or press ? or * to list all spells.
Aiming: Mephitic Cloud (safe; 1% risk of failure)
Press: ? - help, Shift-Dir - straight line, p - Saint Roka The ball explodes into a vile cloud!
The stinking cloud engulfs Saint Roka but does no damage.
Saint Roka is heavily wounded.
Saint Roka is engulfed in noxious fumes.
Saint Roka appears confused.
Unknown command.
Unknown command.
Unknown command.
Unknown command.
Casting: Mephitic Cloud (safe; 1% risk of failure)
Confirm with . or Enter, or press ? or * to list all spells.
Aiming: Stone Arrow (safe; 1% risk of failure)
Press: ? - help, Shift-Dir - straight line, f - Saint Roka
Aim: Saint Roka, wielding a +3 great mace of holy wrath and wearing a +3 plate armour of positive energy (noxious fumes, heavily wounded, confused, 98% to hit)
The stone arrow hits Saint Roka!
Saint Roka is heavily wounded.
Saint Roka is engulfed in noxious fumes.
Unknown command.
Unknown command.
Okay, then.
Magic courses through your body.
Saint Roka is engulfed in noxious fumes.
Saint Roka appears confused.
Saint Roka hits you with a +3 great mace of holy wrath!!!
You die...

.........####..#.....##.####....)
.........#∩.####8...8####.∩#.#...
.........#...###.....###...#.....
.........##...##..)..##...##.#...
.........###...#.....#...## ##...
#.........###...........## #....
.........#####.........#######...
#.#........8.....☼.§.....8...##).
##..............@o§§.○.........#.
##...#..........)_☼).....[..[)..
#.....##..................)##.#.
##.#.###..8...)...).....8..#####
##### ######.........######
##...........## ##...#..).)#...##
##...##.....##...##
#...###8)))8###...#####


You could see Saint Roka (confused).

Vanquished Creatures
  2 ettins
  Snorg (D:14)
  Josephine (Lair:3)
  8 hydras
  A boulder beetle (Lair:1)
  An ogre mage (Orc:2)
  A centaur warrior (D:14)
  7 two-headed ogres
  2 tengu warriors (D:12)
  14 death yaks
  An orc high priest (Orc:2)
  A sun demon (Lair:5)
  Nergalle (Orc:2)
  Sonja (D:10)
  2 skeletal warriors (Volcano)
  2 wizards
  A lindwurm (Lair:4)
  A wolf spider zombie (D:8)
  An anaconda skeleton (Volcano)
  An oklob plant (Lair:4)
  A deep elf pyromancer (D:12)
  4 orc knights (Orc:2)
  An orc sorcerer (Orc:2)
  4 cyclopes
  An ugly thing (D:12)
  2 manticores
  An elephant (Lair:4)
  Maurice (D:8)
  5 black mambas
  An orange demon (Lair:5)
  3 gargoyles (Volcano)
  16 cane toads
  3 unseen horrors
  A centaur skeleton (D:8)
  9 rime drakes
  A tengu conjurer (D:13)
  2 ice devils (Lair:5)
  3 red devils (Lair:5)
  A kobold demonologist (D:9)
  5 komodo dragons
  3 hellwings
  A queen bee (Lair:4)
  5 trolls
  A tyrant leech (Lair:3)
  8 meliai (Lair:4)
  A harpy skeleton (Volcano)
  2 hornets
  7 dream sheep (Lair:4)
  10 blink frogs
  2 flying skulls (Volcano)
  An alligator skeleton (Volcano)
  A shadow (D:12)
  4 wraiths
  3 humans
  45 yaks
  8 wyverns
  3 fire bats (Lair:3)
  2 basilisks (Lair:4)
  3 hogs (D:9)
  2 vampire mosquitoes (D:12)
  6 wargs
  A swamp worm (Lair:3)
  3 acid dragons
  30 water moccasins
  3 hell hounds (Lair:5)
  21 orc warriors
  2 ice beasts
  A sky beast (D:8)
  A black bear (D:5)
  12 wolves
  6 centaurs
  7 ogres
  A phantom (D:6)
  3 kobold brigands
  4 bullfrogs
  3 gnoll sergeants
  A necrophage (D:7)
  5 scorpions
  37 killer bees
  A spriggan skeleton (Volcano)
  3 howler monkeys
  A lava snake (D:13)
  2 gnoll boudas
  5 hounds
  5 jellies
  20 orc priests
  3 boggart zombies (D:8)
  4 iguanas
  26 orc wizards
  9 hell rats
  A naga skeleton (Volcano)
  16 gnolls
  4 adders
  4 shadow imps
  2 ufetubi
  A worm (D:2)
  A dart slug (D:2)
  60 orcs
  6 ball pythons
  8 endoplasms
  3 giant cockroaches
  6 goblins
  10 hobgoblins
  3 jackals (D:4)
  4 quokkas
  8 bats
  2 frilled lizards
  16 kobolds
  4 rats
612 creatures vanquished.

Vanquished Creatures (others)
  A rime drake (Lair:4)
  A bush (Lair:4)
  38 fungi
  57 plants
  10 withered plants (D:8)
107 creatures vanquished.

Grand Total: 719 creatures vanquished

Notes
Turn   | Place    | Note
-------+----------+-------------------------------------------
     0 | D:1      | protoss039 the Demonspawn Earth Elementalist began the
                  | quest for the Orb.
     0 | D:1      | Reached XP level 1. HP: 13/13 MP: 3/3
   195 | D:1      | Gained mutation: You sometimes gain a little power by
                  | taking damage. [demonic ancestry]
   195 | D:1      | Reached XP level 2. HP: 17/20 MP: 5/5
   410 | D:1      | Reached skill level 1 in Fighting
   878 | D:1      | You fall into a shaft and drop 1 floor!
  1269 | D:2      | Gained mutation: You have sharp fingernails. [demonic
                  | ancestry]
  1269 | D:2      | Reached XP level 3. HP: 26/26 MP: 3/6
  1335 | D:2      | Found a faded altar of an unknown god.
  1484 | D:2      | Found a hazy altar of Hepliaklqana.
  2034 | D:2      | Learned a level 2 spell: Passwall
  2043 | D:2      | Learned a level 3 spell: Stone Arrow
  2087 | D:3      | Identified the +3 ring mail "Viotwits" {*Slow Int+5}
  2395 | D:3      | Reached skill level 2 in Fighting
  2395 | D:3      | Reached XP level 4. HP: 33/33 MP: 5/8
  2965 | D:4      | Reached skill level 1 in Conjurations
  3150 | D:4      | Reached skill level 1 in Armour
  3150 | D:4      | Gained mutation: You sometimes gain power by taking damage.
                  | [demonic ancestry]
  3150 | D:4      | Reached XP level 5. HP: 38/38 MP: 7/9
  3288 | D:4      | Reached XP level 6. HP: 46/46 MP: 1/11
  4041 | D:5      | Entered Level 5 of the Dungeon
  4047 | D:5      | Reached skill level 3 in Fighting
  4188 | D:5      | Gained mutation: You have very sharp fingernails. [demonic
                  | ancestry]
  4188 | D:5      | Reached XP level 7. HP: 12/52 MP: 7/12
  4691 | D:5      | Found a sacrificial altar of Ru.
  5112 | D:5      | Found an iron altar of Okawaru.
  5112 | D:5      | Found an ancient bone altar of Kikubaaqudgha.
  5216 | D:5      | Reached skill level 4 in Fighting
  5217 | D:5      | Reached XP level 8. HP: 57/60 MP: 9/14
  5636 | D:6      | Reached skill level 5 in Earth Magic
  5784 | D:6      | Noticed a hornet
  5931 | D:6      | Killed a hornet
  5984 | D:6      | Reached skill level 5 in Spellcasting
  6284 | D:6      | Found a staircase to the Ecumenical Temple.
  6419 | Temple   | Entered the Ecumenical Temple
  6572 | Temple   | Became a worshipper of Vehumet
  6763 | D:7      | Reached skill level 5 in Fighting
  6911 | D:7      | Found Toduunk's Weapon Shoppe.
  7038 | D:7      | Gained mutation: You have claws for hands. [demonic
                  | ancestry]
  7038 | D:7      | Reached XP level 9. HP: 61/68 MP: 11/16
  7705 | D:8      | Reached skill level 1 in Shields
  7721 | D:8      | Reached skill level 5 in Conjurations
  7750 | D:8      | Noticed Maurice
  7765 | D:8      | Killed Maurice
  7950 | D:8      | Noticed a hellwing
  7951 | D:8      | Noticed a hellwing
  8169 | D:8      | Reached skill level 5 in Armour
  8179 | D:7      | Reached skill level 6 in Fighting
  8433 | D:8      | Reached XP level 10. HP: 44/76 MP: 13/19
  8614 | D:8      | Reached * piety under Vehumet
  8614 | D:8      | Offered knowledge of Foxfire by Vehumet.
  8893 | D:8      | Identified the +2 leather armour "Rauwo" {*Corrode rF- rC+
                  | Int+6}
  9105 | D:8      | Learned a level 3 spell: Mephitic Cloud
  9421 | D:9      | Found Agutopn's General Store.
  9423 | D:9      | Found a staircase to the Lair.
  9431 | D:9      | Bought a scroll of identify for 28 gold pieces
  9431 | D:9      | Bought a scroll of blinking for 105 gold pieces
  9431 | D:9      | Bought a scroll of teleportation for 42 gold pieces
  9476 | D:9      | Found a blossoming altar of Fedhas.
  9582 | D:9      | Reached skill level 1 in Air Magic
  9582 | D:9      | Reached skill level 1 in Poison Magic
  9929 | D:9      | Found Hul Jux's Book Emporium.
  9943 | D:9      | Found Hiumeph's Assorted Antiques.
  9951 | D:9      | Bought a scroll labelled IGRYFIY ZAMI for 34 gold pieces
  9951 | D:9      | Bought a bubbling cyan potion for 30 gold pieces
 10137 | D:9      | Reached skill level 7 in Fighting
 10603 | D:9      | Found Ucuvucs's Assorted Antiques.
 10609 | D:9      | Bought a red potion for 23 gold pieces
 10609 | D:9      | Bought a scroll labelled IGRYFIY ZAMI for 26 gold pieces
 10720 | D:9      | Found Netibu's Antique Armour Emporium.
 11003 | D:9      | Learned a level 3 spell: Swiftness
 11004 | D:10     | Entered Level 10 of the Dungeon
 11037 | D:10     | Offered knowledge of Shock by Vehumet.
 11050 | D:10     | Reached ** piety under Vehumet
 11057 | D:10     | Gained mutation: You regenerate a little health from kills.
                  | [demonic ancestry]
 11057 | D:10     | Reached XP level 11. HP: 60/84 MP: 12/21
 11398 | D:10     | Noticed Sonja
 11421 | D:10     | Killed Sonja
 12367 | D:11     | Noticed a two-headed ogre
 12569 | D:11     | Killed a two-headed ogre
 12648 | D:11     | Identified the +10 sling of Woanutao {speed, Will+ rCorr
                  | Stlth+}
 12850 | D:11     | Noticed a two-headed ogre
 12856 | D:11     | Killed a two-headed ogre
 12857 | D:11     | Reached skill level 5 in Shields
 13618 | D:12     | Found a staircase to the Orcish Mines.
 13663 | D:12     | Noticed a purple ugly thing
 13674 | D:12     | Killed a purple ugly thing
 14049 | D:12     | Found a bloodstained altar of Trog.
 14078 | D:12     | Reached skill level 8 in Fighting
 14445 | D:12     | Noticed a two-headed ogre
 14449 | D:12     | Killed a two-headed ogre
 14520 | D:12     | Noticed a deep elf pyromancer
 14523 | D:12     | Killed a deep elf pyromancer
 14536 | D:12     | Offered knowledge of Searing Ray by Vehumet.
 14591 | D:12     | Identified the +9 short sword of Joyful Slaughter {pain,
                  | Dex+4}
 15225 | D:13     | Noticed a two-headed ogre
 15230 | D:13     | Killed a two-headed ogre
 15334 | D:13     | Reached XP level 12. HP: 94/94 MP: 13/24
 15473 | D:13     | Noticed a two-headed ogre
 15477 | D:13     | Killed a two-headed ogre
 15690 | D:13     | Noticed a tengu warrior
 15692 | D:13     | Noticed a tengu warrior
 16064 | D:12     | Killed a tengu warrior
 16156 | D:12     | Killed a tengu warrior
 16466 | D:13     | Found a hide-covered altar of Uskayaw.
 16571 | D:13     | Reached skill level 9 in Fighting
 16857 | D:14     | Noticed Rupert
 16857 | D:14     | Noticed a centaur warrior
 16857 | D:14     | Noticed Urug
 16857 | D:14     | Found a gate to the Vaults.
 16903 | D:14     | Noticed a centaur warrior
 16943 | D:14     | Killed a centaur warrior
 16944 | D:14     | Reached skill level 1 in Transmutations
 17024 | D:14     | Noticed Snorg
 17135 | D:14     | Killed Snorg
 17516 | Lair:1   | Entered Level 1 of the Lair of Beasts
 17592 | Lair:1   | Reached *** piety under Vehumet
 17755 | Lair:1   | Found a hide-covered altar of Uskayaw.
 17757 | Lair:1   | Found an ornate altar of the Wu Jian Council.
 17758 | Lair:1   | Noticed a boulder beetle
 17772 | Lair:1   | Killed a boulder beetle
 18649 | Lair:1   | Found a runed translucent door.
 18650 | Lair:1   | Found a shimmering altar of Xom.
 18650 | Lair:1   | Noticed Xixaub Eqygg's ghost (journeyman DrTm)
 18957 | Lair:2   | Noticed a six-headed hydra
 18963 | Lair:2   | Killed a six-headed hydra
 19539 | Lair:2   | Offered knowledge of Iskenderun's Mystic Blast by Vehumet.
 20145 | Lair:2   | Learned a level 4 spell: Iskenderun's Mystic Blast
 20160 | Lair:3   | Gained mutation: You have an unusually large brain. (Int
                  | +2) [demonic ancestry]
 20160 | Lair:3   | Reached XP level 13. HP: 51/102 MP: 19/26
 20367 | Lair:3   | Noticed Josephine
 20482 | Lair:3   | Found a dark tunnel.
 20511 | Volcano  | Entered a volcano
 21103 | Volcano  | Reached skill level 10 in Fighting
 21510 | Lair:3   | Found an ancient bone altar of Kikubaaqudgha.
 21848 | Lair:3   | Reached **** piety under Vehumet
 21872 | Lair:3   | Killed Josephine
 22172 | Lair:3   | Offered knowledge of Ignite Poison by Vehumet.
 22259 | Lair:3   | Found a staircase to the Snake Pit.
 22940 | Lair:3   | Found a staircase to the Swamp.
 23125 | Lair:4   | Reached skill level 10 in Spellcasting
 23367 | Lair:4   | Found a viscous altar of Jiyva.
 23367 | Lair:4   | Found a staircase to the Slime Pits.
 23528 | Lair:4   | Found a transporter.
 23532 | Lair:4   | Reached skill level 10 in Conjurations
 24069 | Lair:4   | Reached skill level 11 in Fighting
 24255 | Lair:4   | Reached skill level 10 in Earth Magic
 25059 | Lair:4   | Noticed Zaegoraum's ghost (journeyman DsAK)
 25067 | Lair:4   | Found a bloodstained altar of Trog.
 25074 | Lair:4   | Reached skill level 5 in Air Magic
 25094 | Lair:4   | Found a transporter.
 25164 | Lair:4   | Reached XP level 14. HP: 39/113 MP: 6/28
 25736 | Lair:4   | Reached ***** piety under Vehumet
 25779 | Lair:4   | Offered knowledge of Fulminant Prism by Vehumet.
 25805 | Lair:4   | Identified the +8 war axe of Vengeance {freeze, Dex+2}
 26507 | Lair:5   | Entered Level 5 of the Lair of Beasts
 27005 | Lair:3   | Reached skill level 12 in Fighting
 28797 | Lair:5   | Offered knowledge of Irradiate by Vehumet.
 28806 | Lair:5   | Learned a level 5 spell: Irradiate
 30592 | Lair:5   | Found a burning altar of Makhleb.
 30631 | Lair:5   | Found a gateway to Hell.
 30876 | Orc:1    | Entered Level 1 of the Orcish Mines
 31621 | Orc:2    | Entered Level 2 of the Orcish Mines
 31731 | Orc:2    | Noticed Saint Roka
 31750 | Orc:2    | Reached XP level 15. HP: 82/122 MP: 13/31
 32608 | Orc:2    | Noticed Nergalle
 32617 | Orc:2    | Killed Nergalle
 32665 | Orc:2    | Reached skill level 13 in Fighting
 33361 | Orc:2    | Found Emavorri's Antique Weapon Boutique.
 33368 | Orc:2    | Bought an ichor-stained morningstar for 198 gold pieces
 33368 | Orc:2    | Identified the +4 morningstar of Reapportionment {flame,
                  | rN++ Dex+7} (You bought it in a shop on level 2 of the
                  | Orcish Mines)
 33725 | Orc:2    | Found a staircase to the Elven Halls.
 33804 | Orc:2    | Offered knowledge of Iskenderun's Battlesphere by Vehumet.
 34129 | Orc:2    | Found Lowan's Jewellery Boutique.
 34142 | Orc:2    | Found Qideqoy's General Store.
 34282 | Orc:2    | Found Vogiwn's Antique Armour Boutique.
 34323 | Orc:2    | Mangled by Saint Roka

Illustrated notes

Levels and vault maps discovered:
D:1:      tarquinn_simple_flora_water_a, layout_basic, minivault_11
D:2:      layout_rooms, basic_altar, ebering_ecumenical_altar_box
D:3:      layout_loops_cross
D:4:      layout_basic, serial_bayou_lagoon_a
D:5:      layout_cave_pools, old_standard_altar, gammafunk_temple_overflow_claw,
          kennysheep_cross_room, cheibrodos_gnoll_hut
D:6:      layout_cave_pools, lemuel_temple_firewalk_b, minmay_splitting_lines
D:7:      layout_loops_ring, serial_shops, shop, dk_noncrumbling_2
D:8:      cheibrodos_grave_circle, layout_cave_pools,
          hangedman_abyss_or_decor_passed, uniq_maurice
D:9:      layout_long_grid, mainiacjoe_overflow_tiny_flanked, lair_entry_dummy,
          serial_shops, nicolae_shop_temple_entry_statues_fountains, shop,
          nicolae_inconvenience_store, nicolae_shop_waterfront, shop,
          grunt_livestock, minivault_25, hangedman_corner_corridor
D:10:     layout_loops_cross, uniq_sonja
D:11:     layout_loops_cross, nicolae_elevator_lobby_asterisk
D:12:     layout_gridville, david_orc_2, trog_hazing_becter
D:13:     layout_loops_ring, drop_trap, nicolae_uskayaw_suspiria
D:14:     layout_stronghold, david_vaults_3, serial_bayou_pond_c, uniq_kirke,
          uniq_snorg
Temple:   minmay_crystal_spiral_temple
Lair:1:   layout_regular_city, ebering_ghost_xom, st_stairs_3,
          nzn_masters_of_martial_movement, lemuel_fruit_fields
Lair:2:   layout_loops_ring
Lair:3:   layout_chaotic_city, palyth_hydra_swamp_entry,
          minmay_snake_entry_six_corridors, nicolae_volcano_entry_batcave,
          basic_altar, uniq_josephine
Lair:4:   regret_index_combs_of_tragedy, layout_misc_corridors,
          nicolae_slime_entry_slimehenge, gammafunk_ghost_wrathful_warriors,
          nicolae_lair_lindhole
Lair:5:   evil_forest, layout_cave_pods, serial_bayou_pond_e,
          infiniplex_staircase_pool_2
Orc:1:    layout_caves, nicolae_orc_pool_cavern
Orc:2:    grunt_orc_cross, layout_diamond_mine, basic_altar,
          david_defended_altar_orc

Skill      XL: |  1  2  3  4  5  6  7  8  9 10 11 12 13 14 15 |
---------------+----------------------------------------------+-----
Fighting       | 1 2 3 4 5 6 7 8 9 11 12 13 | 13.2
Earth Magic    | 3 4 5 6 7 8 9 10 11 | 11.1
Conjurations   | 1 2 3 4 5 6 8 9 10 11 | 11.4
Spellcasting   | 3 4 5 6 8 9 10 12 | 12.4
Armour         | 1 2 3 4 5 6 |  6.0
Shields        | 3 4 5 6 |  6.0
Air Magic      | 2 3 5 6 |  6.0
Poison Magic   | 3 |  3.0
Dodging        | 3 |  3.0
Stealth        | 3 |  3.0
Transmutations | 3 |  3.0

Action                   |  1- 3 |  4- 6 |  7- 9 | 10-12 | 13-15 || total
-------------------------+-------+-------+-------+-------+-------++-------
Melee: Club              |     5 |       |       |       |       ||     5
       Dagger            |    55 |    84 |     2 |       |   170 ||   311
       Punch             |     1 |       |       |       |       ||     1
       Trident           |       |       |    46 |   129 |    51 ||   226
       War axe           |       |       |       |       |    18 ||    18
 Cast: Sandblast         |    46 |    43 |    80 |    86 |   156 ||   411
       Stone Arrow       |       |       |    55 |   256 |   449 ||   760
       Mephitic Cloud    |       |       |       |    11 |   128 ||   139
       Swiftness         |       |       |       |     1 |     3 ||     4
       Iskenderun's Myst |       |       |       |       |    59 ||    59
       Passwall          |       |       |       |       |     6 ||     6
Evoke: Wand              |       |       |     2 |    10 |     9 ||    21
  Use: Scroll            |     4 |     4 |     6 |     5 |     8 ||    27
       Potion            |       |       |       |     1 |     7 ||     8
 Stab: Sleeping          |     4 |       |       |       |       ||     4
       Invisible         |       |       |       |     1 |       ||     1
       Confused          |       |       |       |     1 |    26 ||    27
Armor: Robe              |    27 |       |       |       |       ||    27
       Ring mail         |     4 |    45 |    42 |   194 |   230 ||   515
Dodge: Dodged            |    56 |    65 |    51 |   196 |   282 ||   650
Block: Buckler           |       |       |     9 |    94 |   141 ||   244
